 Dungeon Crawl Stone Soup version 0.29.0-13-gc9e81de378 (webtiles) character file.

Game seed: 5606485730246131146

31919 blackman the Fighter (level 13, 0/123 HPs)
             Began as a Demigod Delver on Sept 9, 2022.
             Drowned by a water elemental (6 damage)
             ... on level 1 of the Elven Halls.
             The game lasted 00:41:12 (23256 turns).

blackman the Fighter (Demigod Delver)              Turns: 23256, Time: 00:41:12

Health: 0/123      AC: 22    Str: 31 (33) XL:     13   Next: 1%
Magic:  16/16      EV: 10    Int: 10 (12) God:
Gold:   1180       SH:  5    Dex: 16 (18) Spells: 12/12 levels left

rFire   . . .      SeeInvis .   a - +3 battleaxe
rCold   . . .      Faith    .   (shield currently unavailable)
rNeg    . . .      Spirit   .   S - +3 chain mail {rC+}
rPois   +          Reflect  +   h - +0 helmet
rElec   .          Harm     .   I - +0 cloak "Exuetz" {rPois rC- Str+4}
rCorr   .          Rampage  .   N - +0 pair of fencer's gloves {Riposte Dex+3}
Will    +....                   b - +2 pair of boots
Stlth   ..........              H - amulet of reflection
HPRegen 0.30/turn               (no ring)
MPRegen 0.15/turn               (no ring)

@: engulfed (cannot breathe)
A: high MP 1, forlorn, divine attributes
a: no special abilities


You were on level 1 of the Elven Halls.
You visited 4 branches of the dungeon, and saw 16 of its levels.
You also visited: Bailey.

You collected 1180 gold pieces.

Inventory:

Hand Weapons
 a - a +3 battleaxe (weapon)
 w - a +0 vorpal sling
 M - a +0 broad axe
Missiles
 p - 19 poisoned darts (quivered)
 v - 6 silver javelins
 B - 11 javelins
Armour
 b - a +2 pair of boots (worn)
 h - a +0 helmet (worn)
 I - the +0 cloak "Exuetz" (worn) {rPois rC- Str+4}
   (You found it on level 7 of the Dungeon)

   Str:       It affects your strength (+4).
   rC:        It makes you vulnerable to cold.
   rPois:     It protects you from poison.
 N - the +0 pair of fencer's gloves (worn) {Riposte Dex+3}
   (You acquired it on level 8 of the Dungeon)

   It allows the wearer to riposte with melee weapons, swiftly retaliating
   against missed or blocked melee attacks.
   Dex:       It affects your dexterity (+3).
 R - a +0 plate armour
 S - a +3 chain mail of cold resistance (worn)
Jewellery
 A - a ring of positive energy
 H - an amulet of reflection (around neck)
Wands
 g - a wand of digging (3)
 C - a wand of paralysis (3)
 L - a wand of mindburst (3)
 O - a wand of flame (15)
Scrolls
 c - 4 scrolls of fog
 d - 2 scrolls of magic mapping
 e - 3 scrolls of fear
 k - 3 scrolls of enchant armour
 q - a scroll of blinking
 y - a scroll of silence
 z - a scroll of amnesia
Potions
 i - 3 potions of lignification
 j - a potion of brilliance {unknown}
 m - 5 potions of curing
 n - 3 potions of mutation
 r - 2 potions of attraction
 s - 3 potions of flight
 t - 4 potions of might
 E - 2 potions of cancellation {unknown}
 G - a potion of berserk rage
 J - 5 potions of ambrosia
 K - a potion of degeneration


   Skills:
 * Level 13.7 Fighting
 - Level 12.9 Axes
 - Level 0.2(8.2) Polearms
 - Level 10.1 Armour
 - Level 1.7 Dodging
 - Level 4.5 Stealth


You had 12 spell levels left.
You didn't know any spells.
Your spell library contained the following spells:

 Spells                   Type           Power      Damage    Failure   Level
 Ensorcelled Hibernation  Hex/Ice        0%         N/A       91%         2
 Scorch                   Fire           0%         2d5       91%         2
 Ignite Poison            Fire/Tmut/Pois 0%         N/A       99%         3
 Mephitic Cloud           Conj/Pois/Air  0%         N/A       99%         3
 Teleport Other           Tloc           0%         N/A       99%         3
 Flame Wave               Conj/Fire      0%         2d4       100%        4
 Ice Form                 Ice/Tmut       0%         N/A       100%        4
 Summon Ice Beast         Ice/Summ       0%         N/A       100%        4
 Freezing Cloud           Conj/Ice/Air   0%         6-21      100%        5
 Summon Mana Viper        Hex/Summ       0%         N/A       100%        5
 Summon Cactus Giant      Summ           0%         N/A       100%        6
 Monstrous Menagerie      Summ           0%         N/A       100%        7


Dungeon Overview and Level Annotations

Branches:
Dungeon (11/15)            Temple (0/1) D:7            Lair (2/5) D:11
  Snake (0/4) Lair:2          Orc (2/2) D:9             Elf (1/3) Orc:2
 Bailey (visited)
  Swamp: Lair:2-3    Shoals: Lair:2-3

Shops:
Orc:2 (?*

Annotations:
D:8 1 runed translucent door, Arctor's ghost, novice DrTm


Innate Abilities, Weirdness & Mutations

You have an increased reservoir of magic. (+10% MP)
You shall have no god before yourself.
Your divine heritage dramatically boosts your attributes as you level up.


Message History

You slice the water elemental!!
The water elemental is severely damaged.
You slice the fire elemental!!
You closely miss the +2 short sword of speed.
You completely miss the fire elemental. The +2 short sword of speed hits you!
The +2 short sword of speed hits you. The fire elemental misses you.
The fire elemental hits you. The fire elemental burns you!
* * * LOW HITPOINT WARNING * * *
The +2 short sword of speed hits you!
* * * LOW HITPOINT WARNING * * *
The water elemental hits you.
The water elemental engulfs you in water!
You cannot read scrolls while unable to breathe!
You slash the fire elemental!
The fire elemental is moderately damaged.
You barely miss the water elemental. You miss the deep elf pyromancer.
You slash the fire elemental!
You destroy the fire elemental!
The fire elemental disappears in a puff of smoke!
You slash the +2 short sword of speed!
* * * LOW HITPOINT WARNING * * *
Your lungs strain for air!
The +2 short sword of speed hits you but does no damage.
The fire elemental hits you. The fire elemental burns you!
* * * LOW HITPOINT WARNING * * *
The +2 short sword of speed hits you but does no damage.
The +2 short sword of speed barely misses you.
You riposte.
You slice the +2 short sword of speed!!
The +2 short sword of speed falls from the air.
You closely miss the deep elf pyromancer.
You closely miss the fire elemental. You hit the water elemental.
The fire elemental hits you. The fire elemental burns you!
* * * LOW HITPOINT WARNING * * *
The water elemental misses you.
The deep elf pyromancer hits you but does no damage.
You have reached level 13!
It was a potion of degeneration.
There was something very wrong with that liquid.
You feel weakened.
You feel dopey.
You feel clumsy.
You die...

... #.. #.#
#.######
#......####.
##......#....
##....<..#....
##.....)e.#....
......ยง@E.#....
.##...?E..#....
#.......#....
#.##########. #.
#


You could see a water elemental, a deep elf pyromancer and a fire elemental
(summoned).

Vanquished Creatures
  An ettin (Orc:2)
  2 hydras (Lair:1)
  A boulder beetle (Lair:1)
  An ogre mage (Orc:2)
  A dancing weapon (Elf:1)
  5 two-headed ogres (Orc:2)
  Urug (D:10)
  A death yak (D:11)
  Sonja (D:10)
  3 deep trolls
  An orc knight (Orc:1)
  2 ugly things (D:8)
  A cyclops (D:11)
  A manticore (D:8)
  Joseph (D:9)
  3 elephants (Lair:2)
  7 black mambas
  2 cane toads (Lair:1)
  2 rime drakes
  3 komodo dragons
  6 trolls
  A queen bee (Lair:2)
  Prince Ribbit (D:8)
  6 blink frogs
  2 wyverns
  2 wraiths
  11 yaks (Lair:1)
  4 fire bats (D:9)
  4 vampire mosquitoes (D:11)
  3 basilisks
  2 steam dragons
  Menkaure (D:5)
  10 water moccasins
  An acid dragon (D:10)
  A hell hound (D:9)
  15 orc warriors
  2 ice beasts
  A sky beast (D:6)
  3 ogres (Orc:2)
  4 black bears
  12 wolves (Lair:2)
  2 centaurs
  A kobold brigand (D:9)
  3 phantoms (D:5)
  6 bullfrogs
  6 scorpions
  5 wights (D:9)
  29 killer bees
  3 howler monkeys
  An electric eel (Lair:1)
  2 lava snakes (D:9)
  4 orc priests
  4 hounds
  An iron imp (D:7)
  5 iguanas
  9 orc wizards
  6 hell rats (Lair:2)
  3 gnolls
  6 adders
  A white imp (D:5)
  2 ufetubi
  3 worms (D:2)
  3 dart slugs
  39 orcs
  7 ball pythons
  5 bats
  5 endoplasms
  2 giant cockroaches
  8 hobgoblins
  6 jackals
  4 quokkas
  8 frilled lizards
  14 goblins
  20 kobolds
  9 rats
364 creatures vanquished.

Vanquished Creatures (others)
  A necrophage (D:8)
  An orc wizard (D:10)
  2 fire vortices (D:9)
  11 fungi
  19 plants
34 creatures vanquished.

Grand Total: 398 creatures vanquished

Notes
Turn   | Place    | Note
-------+----------+-------------------------------------------
     0 | D:5      | blackman the Demigod Delver began the quest for the Orb.
     0 | D:5      | Reached XP level 1. HP: 18/18 MP: 3/3
     0 | D:5      | Noticed Menkaure
     5 | D:6      | Noticed an orc priest
   455 | D:6      | Noticed a bullfrog
   493 | D:6      | Noticed a scorpion
   513 | D:6      | Noticed a black bear
   514 | D:6      | Noticed an iguana
   563 | D:5      | Noticed a phantom
   703 | D:5      | Noticed a phantom
   703 | D:5      | Noticed an orc priest
   769 | D:3      | Reached XP level 2. HP: 11/25 MP: 4/4
  1705 | D:3      | Reached XP level 3. HP: 29/30 MP: 5/5
  2738 | D:2      | You fall into a shaft and drop 2 floors!
  2754 | D:4      | Reached XP level 4. HP: 37/37 MP: 6/6
  4195 | D:4      | Reached skill level 5 in Axes
  4195 | D:4      | Reached XP level 5. HP: 32/42 MP: 7/7
  4746 | D:4      | Reached XP level 6. HP: 11/50 MP: 8/8
  5216 | D:5      | Killed Menkaure
  5764 | D:5      | Reached XP level 7. HP: 52/56 MP: 9/9
  6940 | D:5      | Reached XP level 8. HP: 26/62 MP: 10/10
  6941 | D:5      | Reached skill level 3 in Fighting
  6941 | D:5      | Reached skill level 1 in Armour
  8738 | D:6      | Reached skill level 4 in Fighting
  9201 | D:7      | Found a staircase to the Ecumenical Temple.
  9208 | D:7      | Identified the +0 cloak "Exuetz" {rPois rC- Str+4}
  9489 | D:7      | Reached skill level 5 in Fighting
  9728 | D:8      | Found a flagged portal.
  9737 | Bailey   | Entered a bailey
  9918 | Bailey   | Reached XP level 9. HP: 15/75 MP: 11/11
  9948 | Bailey   | Reached skill level 5 in Armour
 10649 | D:8      | Identified a scroll of acquirement
 10650 | D:8      | Acquired the +0 pair of fencer's gloves {Riposte Dex+3}
 10650 | D:8      | Found the +0 pair of fencer's gloves {Riposte Dex+3}
 10720 | D:8      | Noticed a manticore
 10724 | D:8      | Noticed a cyan ugly thing
 10728 | D:8      | Killed a manticore
 10729 | D:8      | Reached skill level 10 in Axes
 10731 | D:8      | Found a runed translucent door.
 10731 | D:8      | Noticed Arctor's ghost (novice DrTm)
 10731 | D:8      | Noticed a white ugly thing
 11823 | D:9      | Found a staircase to the Orcish Mines.
 12026 | D:8      | Reached skill level 6 in Fighting
 12139 | D:8      | Killed a cyan ugly thing
 12149 | D:8      | Killed a cyan ugly thing
 12150 | D:8      | Reached XP level 10. HP: 84/84 MP: 13/13
 12401 | D:9      | Noticed Joseph
 12431 | D:9      | Noticed Prince Ribbit
 12464 | D:8      | Killed Prince Ribbit
 12708 | D:9      | Reached skill level 7 in Fighting
 12711 | D:9      | Killed Joseph
 14114 | D:9      | Got the Directory of Anarchy
 14304 | Orc:1    | Entered Level 1 of the Orcish Mines
 14304 | Orc:1    | Noticed an orc knight
 14894 | D:10     | Entered Level 10 of the Dungeon
 14903 | D:10     | Identified the +1 ring mail "Butsefidu" {rPois Will+
                  | Stlth+}
 15612 | D:10     | Noticed Sonja
 15620 | D:10     | Killed Sonja
 15621 | D:10     | Reached skill level 8 in Fighting
 16268 | D:10     | Noticed Urug
 16282 | D:10     | Killed Urug
 16579 | D:11     | Found a staircase to the Lair.
 16579 | D:11     | Noticed a death yak
 16594 | D:11     | Killed a death yak
 16597 | D:11     | Reached XP level 11. HP: 95/95 MP: 14/14
 16620 | D:11     | Reached skill level 9 in Fighting
 17728 | Lair:1   | Entered Level 1 of the Lair of Beasts
 17995 | Lair:1   | Noticed a boulder beetle
 18002 | Lair:1   | Killed a boulder beetle
 18003 | Lair:1   | Reached skill level 10 in Fighting
 18193 | Lair:1   | Noticed a five-headed hydra
 18206 | Lair:1   | Killed a 12-headed hydra
 18271 | Lair:1   | Reached skill level 10 in Armour
 18693 | Lair:1   | Noticed a seven-headed hydra
 18705 | Lair:1   | Reached skill level 11 in Fighting
 18708 | Lair:1   | Killed a seven-headed hydra
 19660 | Lair:1   | Noticed a deep troll
 19671 | Lair:1   | Killed a deep troll
 19809 | Lair:2   | Reached XP level 12. HP: 83/112 MP: 15/15
 19813 | Lair:2   | Reached skill level 12 in Fighting
 21161 | Lair:2   | Found a staircase to the Snake Pit.
 22250 | Orc:2    | Entered Level 2 of the Orcish Mines
 22847 | Orc:2    | Found Yqapent's Magic Scroll Boutique.
 22848 | Orc:2    | Noticed an ettin
 22848 | Orc:2    | Noticed a two-headed ogre
 22849 | Orc:2    | Found Qenkith's General Store.
 22849 | Orc:2    | Noticed a two-headed ogre
 22849 | Orc:2    | Noticed a two-headed ogre
 22849 | Orc:2    | Noticed a two-headed ogre
 22849 | Orc:2    | Noticed a two-headed ogre
 22849 | Orc:2    | Noticed an ogre mage
 22850 | Orc:2    | Noticed a two-headed ogre
 22866 | Orc:2    | Killed a two-headed ogre
 22876 | Orc:2    | Killed an ettin
 22876 | Orc:2    | Killed a two-headed ogre
 22878 | Orc:2    | Reached skill level 13 in Fighting
 22884 | Orc:2    | Killed a two-headed ogre
 23234 | Orc:2    | Noticed a two-headed ogre
 23235 | Orc:2    | Killed a two-headed ogre
 23236 | Orc:2    | Killed a two-headed ogre
 23237 | Orc:2    | Killed an ogre mage
 23242 | Orc:2    | Found a staircase to the Elven Halls.
 23245 | Orc:2    | Found Otsumos's Antique Weapon Emporium.
 23251 | Elf:1    | Entered Level 1 of the Elven Halls
 23256 | Elf:1    | Reached XP level 13. HP: 6/123 MP: 16/16
 23256 | Elf:1    | Drowned by a water elemental

Illustrated notes

Levels and vault maps discovered:
D:1:      dpeg_arrival_triangle_fractal, layout_rooms,
          chequers_serial_rivers_micro_e, serial_bayou_ford_a,
          chequers_arboretum, chequers_serial_rivers_room_a,
          minmay_close_crescents
D:2:      mumra_celtic_spiral_tile, layout_basic, serial_forest,
          infiniplex_forest_lined_corner, infiniplex_forest_lined_room_,
          infiniplex_forest_zigzag_1, infiniplex_forest_lined_room_2,
          infiniplex_forest_clump_double, infiniplex_forest_straight_2,
          infiniplex_forest_end_2, chequers_serial_rivers_small_3
D:3:      wad_crossroads, layout_basic, shapermc_ecumenical_altar_mp_highgroup
D:4:      layout_rooms, grunt_temple_overflow_bloody_war, tso_oasis_becter
D:5:      minmay_skewed_foursquare, layout_gridville, st_stairs_8, uniq_menkaure
D:6:      layout_basic
D:7:      layout_rooms, eat_drink_and_be_merry_uskayaw, slow_altar_2,
          minmay_temple_entry_trees
D:8:      kennysheep_big_flooded_room, layout_basic,
          hellmonk_ghost_happy_afterlife, enter_bailey_2
D:9:      layout_long_grid, overflow_temple_1_default, orc_0_dummy,
          hangedman_incinerator, uniq_joseph, uniq_prince_ribbit1
D:10:     layout_roguey, grunt_temple_overflow_open, uniq_urug, uniq_sonja
D:11:     layout_rooms, david_lair_generic
Lair:1:   dreamdust_cave_troll, layout_cave_pods, serial_bayou_shore_a,
          grunt_megastairs_5, infiniplex_staircase_pool_2
Lair:2:   layout_roguey [special_room_bee], minmay_snake_entry_six_corridors,
          grunt_forest_small_clearings
Orc:1:    layout_diamond_mine, mines1_david
Orc:2:    st_orc_open, layout_caves, serial_shops, shop, basic_altar,
          lightli_church_of_beogh
Elf:1:    layout_loops_cross, serial_shops, shop, minivault_28, uniq_zenata

Skill      XL: |  1  2  3  4  5  6  7  8  9 10 11 12 |
---------------+-------------------------------------+-----
Axes           | 2 3 4 5 6 7 9 11 12 | 12.9
Fighting       | 5 6 8 11 13 | 13.7
Armour         | 4 5 8 10 | 10.1
Polearms       | |  0.2
Dodging        | |  1.7
Stealth        | |  4.5

Action                   |  1- 3 |  4- 6 |  7- 9 | 10-12 | 13-15 || total
-------------------------+-------+-------+-------+-------+-------++-------
Melee: Hand axe          |     7 |       |       |       |       ||     7
       Halberd           |    44 |       |       |       |       ||    44
       War axe           |    51 |   192 |   196 |       |       ||   439
       Punch             |       |       |     5 |     7 |       ||    12
       Broad axe         |       |       |   119 |   527 |       ||   646
       Battleaxe         |       |       |       |    31 |       ||    31
Throw: Dart              |       |     5 |     4 |     9 |       ||    18
       Javelin           |       |       |     2 |       |       ||     2
Evoke: Wand              |       |       |    13 |    35 |       ||    48
  Use: Potion            |       |     1 |       |     9 |     1 ||    11
       Scroll            |       |       |    10 |    13 |       ||    23
 Stab: Sleeping          |    15 |       |       |       |       ||    15
       Invisible         |       |       |     2 |     2 |       ||     4
       Paralysed         |       |       |    11 |    21 |       ||    32
Armor: Leather armour    |    19 |       |       |       |       ||    19
       Chain mail        |    23 |   165 |   212 |   374 |       ||   774
       Plate armour      |       |       |       |     1 |       ||     1
Dodge: Dodged            |    44 |    78 |   143 |   301 |       ||   566
Block: Other             |       |       |    38 |   135 |       ||   173
       Reflection        |       |       |     9 |     1 |       ||    10
       Rpst.: Broad axe  |       |       |    15 |   128 |       ||   143
       Battleaxe         |       |       |       |     9 |       ||     9
